PAA
SPRINGFIELD SHOOTERS @ MINNESOTA LOONS
09/15/2033
 
TOP OF THE 1ST
Springfield Shooters batting - Pitching for Minnesota Loons : LHP Rafael González
Pitching: LHP Rafael González
Batting: RHB Eun-bum Kim 0-0: Ball
1-0: Ball
2-0: Swinging Strike
2-1: Ball
3-1: Called Strike
3-2: Base on Balls
Batting: RHB Yu-shu Tseng 0-0: Foul Ball, location: 2F
0-1: Ball
1-1: Called Strike
1-2: TRIPLE (Line Drive, 8LXD)
Eun-bum Kim scores
Batting: RHB Blaze Alexander 0-0: Ball
1-0: Ball
2-0: Fly out, F3 (Popup, 3L)
Batting: RHB Bastiaan Pieterse 0-0: Ball
1-0: Fly out, F3 (Popup, 3S)
Batting: RHB Moriz Ayushiev 0-0: Ball
1-0: Fly out, F9 (Flyball, 89S)
Top of the 1st over - 1 run, 1 hit, 0 errors, 1 left on base; Springfield 1 - Minnesota 0
BOTTOM OF THE 1ST
Minnesota Loons batting - Pitching for Springfield Shooters : LHP Marcos Tejedor
Pitching: LHP Marcos Tejedor
Batting: RHB Héctor Espiga 0-0: Ball
1-0: Ball
2-0: Foul Ball, location: 2F
2-1: Foul Ball, location: 2F
2-2: Ball
3-2: Fly out, F8 (Flyball, 89D)
Batting: RHB Ramón Yniguez 0-0: SOLO HOME RUN (Line Drive, 7D), Distance : 371 ft
Batting: RHB Júlio Vargas 0-0: Ball
1-0: Foul Ball, location: 2F
1-1: Fly out, F8 (Flyball, 8RS)
Batting: RHB Augusto Manuel 0-0: SINGLE (Flyball, 4D)
Batting: LHB Xuan-ling Chen 0-0: Ball
1-0: Fly out, F7 (Flyball, 78M)
Bottom of the 1st over - 1 run, 2 hits, 0 errors, 1 left on base; Springfield 1 - Minnesota 1
TOP OF THE 2ND
Springfield Shooters batting - Pitching for Minnesota Loons : LHP Rafael González
Batting: RHB Fletcher Megarity 0-0: Ball
1-0: Called Strike
1-1: Fly out, F7 (Flyball, 78S)
Batting: RHB Sébastien Bernard 0-0: Ball
1-0: Foul Ball, location: 2F
1-1: Called Strike
1-2: Ground out 4-3 (Groundball, 4M)
Batting: RHB Tony Martínez 0-0: Ground out 5-3 (Groundball, 56S)
Top of the 2nd over - 0 runs, 0 hits, 0 errors, 0 left on base; Springfield 1 - Minnesota 1
BOTTOM OF THE 2ND
Minnesota Loons batting - Pitching for Springfield Shooters : LHP Marcos Tejedor
Batting: RHB Dave Sosa 0-0: Called Strike
0-1: Swinging Strike
0-2: Foul Ball, location: 2F
0-2: Ball
1-2: Strikes out swinging
Batting: LHB Sergio Cruz 0-0: Swinging Strike
0-1: Swinging Strike
0-2: Strikes out swinging
Batting: RHB Joe Ferguson 0-0: Ball
1-0: SINGLE (Line Drive, 6D)
Batting: SHB Raúl Mateo 0-0: Swinging Strike
0-1: SINGLE (Line Drive, 78S)
Joe Ferguson to second
Batting: RHB Héctor Espiga 0-0: Called Strike
0-1: Swinging Strike
0-2: Ball
1-2: Foul Ball, location: 2F
1-2: Ball
2-2: Foul Ball, location: 2F
2-2: Strikes out swinging
Bottom of the 2nd over - 0 runs, 2 hits, 0 errors, 2 left on base; Springfield 1 - Minnesota 1
TOP OF THE 3RD
Springfield Shooters batting - Pitching for Minnesota Loons : LHP Rafael González
Batting: LHB Ángelo Corona 0-0: Ball
1-0: Foul Ball, location: 2F
1-1: Ball
2-1: Ball
3-1: DOUBLE (Flyball, 8RXD)
Batting: RHB Eun-bum Kim 0-0: Ball
Wild Pitch!
Ángelo Corona to third
1-0: Foul Ball, location: 2F
1-1: Swinging Strike
1-2: Ball
2-2: Ball
3-2: SINGLE (Line Drive, 4MD)
Ángelo Corona scores
Batting: RHB Yu-shu Tseng 0-0: Called Strike
0-1: Called Strike
0-2: Foul Ball, location: 2F
0-2: Ball
1-2: Foul Ball, location: 2F
1-2: SINGLE (Line Drive, 56)
Eun-bum Kim to second
Eun-bum Kim to third
Batting: RHB Blaze Alexander 0-0: SINGLE (Groundball, 6D)
Eun-bum Kim scores
Yu-shu Tseng to second
Batting: RHB Bastiaan Pieterse 0-0: SINGLE (Groundball, 4D)
Yu-shu Tseng to third
Blaze Alexander to second
Runner from 3rd tries for Home, SAFE, throw made home
Batting: RHB Moriz Ayushiev 0-0: Called Strike
0-1: Ground out 5-3 (Groundball, 56S)
Blaze Alexander to third
Bastiaan Pieterse to second
Batting: RHB Fletcher Megarity 0-0: Foul Ball, location: 2F
0-1: Ball
1-1: Called Strike
1-2: Strikes out swinging
Batting: RHB Sébastien Bernard 0-0: Swinging Strike
0-1: Foul Ball, location: 2F
0-2: Ball
1-2: Strikes out swinging
Top of the 3rd over - 3 runs, 5 hits, 0 errors, 2 left on base; Springfield 4 - Minnesota 1
BOTTOM OF THE 3RD
Minnesota Loons batting - Pitching for Springfield Shooters : LHP Marcos Tejedor
Now at SS: Henk van Aardschot
Batting: RHB Ramón Yniguez 0-0: Foul Ball, location: 2F
0-1: Ball
1-1: Swinging Strike
1-2: Ball
2-2: Foul Ball, location: 2F
2-2: Ground out 5-3 (Groundball, 56)
Batting: RHB Júlio Vargas 0-0: Ball
1-0: Swinging Strike
1-1: Foul Ball, location: 2F
1-2: Strikes out swinging
Batting: RHB Augusto Manuel 0-0: Swinging Strike
0-1: Swinging Strike
0-2: Ball
1-2: Ball
2-2: Ball
3-2: Strikes out swinging
Bottom of the 3rd over - 0 runs, 0 hits, 0 errors, 0 left on base; Springfield 4 - Minnesota 1
TOP OF THE 4TH
Springfield Shooters batting - Pitching for Minnesota Loons : LHP Rafael González
Batting: RHB Tony Martínez 0-0: Swinging Strike
0-1: Ball
1-1: Hit by Pitch
Batting: LHB Ángelo Corona 0-0: Ball
1-0: Ground out U3 (Groundball, 34S)
Tony Martínez to second
Batting: RHB Eun-bum Kim 0-0: Swinging Strike
0-1: Ball
1-1: Foul Ball, location: 2F
1-2: Ball
2-2: Foul Ball, location: 2F
2-2: Ball
3-2: Base on Balls
Batting: LHB Henk van Aardschot 0-0: Swinging Strike
0-1: Swinging Strike
0-2: Ball
1-2: Foul Ball, location: 2F
1-2: Fly out, F6 (Popup, 6)
Batting: RHB Blaze Alexander 0-0: Called Strike
0-1: Fly out, F4 (Line Drive, 4M)
Top of the 4th over - 0 runs, 0 hits, 0 errors, 2 left on base; Springfield 4 - Minnesota 1
BOTTOM OF THE 4TH
Minnesota Loons batting - Pitching for Springfield Shooters : LHP Marcos Tejedor
Batting: LHB Xuan-ling Chen 0-0: SINGLE (Line Drive, 9S)
Batting: RHB Dave Sosa 0-0: Ball
1-0: Ground out 6-3 (Groundball, 6)
Xuan-ling Chen to second
Batting: LHB Sergio Cruz 0-0: Called Strike
0-1: Ball
1-1: Called Strike
1-2: Ball
2-2: Foul Ball, location: 2F
2-2: Fly out, F3 (Popup, 34S)
Batting: RHB Joe Ferguson 0-0: Ball
1-0: Fly out, F7 (Line Drive, 7LM)
Bottom of the 4th over - 0 runs, 1 hit, 0 errors, 1 left on base; Springfield 4 - Minnesota 1
TOP OF THE 5TH
Springfield Shooters batting - Pitching for Minnesota Loons : LHP Rafael González
Batting: RHB Bastiaan Pieterse 0-0: Ball
1-0: Fly out, F8 (Line Drive, 8LM)
Batting: RHB Moriz Ayushiev 0-0: Called Strike
0-1: SINGLE (Line Drive, 34D)
Batting: RHB Fletcher Megarity 0-0: Foul Ball, location: 2F
0-1: Ball
1-1: Ball
2-1: Fly out, F8 (Flyball, 8LS)
Batting: RHB Sébastien Bernard 0-0: Foul Ball, location: 2F
0-1: Ball
1-1: Ball
2-1: Ground out 5-3 (Groundball, 56)
Top of the 5th over - 0 runs, 1 hit, 0 errors, 1 left on base; Springfield 4 - Minnesota 1
BOTTOM OF THE 5TH
Minnesota Loons batting - Pitching for Springfield Shooters : LHP Marcos Tejedor
Batting: SHB Raúl Mateo 0-0: Foul Ball, location: 2F
0-1: Fly out, F7 (Flyball, 78D)
Batting: RHB Héctor Espiga 0-0: Ball
1-0: Called Strike
1-1: Foul Ball, location: 2F
1-2: Ball
2-2: DOUBLE (Line Drive, 7LM)
Batting: RHB Ramón Yniguez 0-0: Ball
1-0: Called Strike
1-1: Ground out 6-3 (Groundball, 6)
Héctor Espiga to third
Batting: RHB Júlio Vargas 0-0: Called Strike
0-1: Swinging Strike
0-2: Ball
1-2: Ball
2-2: SINGLE (Line Drive, 7S)
Héctor Espiga scores
Batting: RHB Augusto Manuel Pickoff Throw to First - Out!
Bottom of the 5th over - 1 run, 2 hits, 0 errors, 0 left on base; Springfield 4 - Minnesota 2
TOP OF THE 6TH
Springfield Shooters batting - Pitching for Minnesota Loons : LHP Rafael González
Batting: RHB Tony Martínez 0-0: Ball
1-0: Ball
2-0: Ground out 6-3 (Groundball, 56D)
Batting: LHB Ángelo Corona 0-0: Swinging Strike
0-1: SINGLE (Flyball, 9LS)
Batting: RHB Eun-bum Kim 0-0: Ball
1-0: Called Strike
1-1: Swinging Strike
1-2: 2-RUN HOME RUN (Flyball, 78XD), Distance : 392 ft
Pitching: RHP Martyn Drdio
Batting: LHB Henk van Aardschot 0-0: Called Strike
0-1: Ball
1-1: Foul Ball, location: 2F
1-2: Ball
2-2: SINGLE (Flyball, 78M)
Batting: RHB Blaze Alexander 0-0: Ball
1-0: Ball
2-0: Ball
3-0: Base on Balls
Henk van Aardschot to second
Batting: RHB Bastiaan Pieterse 0-0: Ball
1-0: Called Strike
1-1: Ball
2-1: Called Strike
2-2: Strikes out swinging
Batting: RHB Moriz Ayushiev 0-0: Ball
1-0: Ball
2-0: Ball
3-0: Called Strike
3-1: Base on Balls
Henk van Aardschot to third
Blaze Alexander to second
Batting: RHB Fletcher Megarity 0-0: Fly out, F7 (Line Drive, 78M)
Top of the 6th over - 2 runs, 3 hits, 0 errors, 3 left on base; Springfield 6 - Minnesota 2
BOTTOM OF THE 6TH
Minnesota Loons batting - Pitching for Springfield Shooters : LHP Marcos Tejedor
Batting: RHB Augusto Manuel 0-0: Ground out 6-3 (Groundball, 6)
Batting: LHB Xuan-ling Chen 0-0: Called Strike
0-1: Foul Ball, location: 2F
0-2: Ball
1-2: Strikes out swinging
Batting: RHB Dave Sosa 0-0: Ball
1-0: Swinging Strike
1-1: Fly out, F7 (Flyball, 78D)
Bottom of the 6th over - 0 runs, 0 hits, 0 errors, 0 left on base; Springfield 6 - Minnesota 2
TOP OF THE 7TH
Springfield Shooters batting - Pitching for Minnesota Loons : RHP Martyn Drdio
Batting: RHB Sébastien Bernard 0-0: Ball
1-0: Foul Ball, location: 2F
1-1: Ball
2-1: Foul Ball, location: 2F
2-2: Foul Ball, location: 2F
2-2: Ball
3-2: Strikes out swinging
Batting: RHB Tony Martínez 0-0: Reached on error, E6 (Groundball, 6)
Batting: LHB Ángelo Corona 0-0: Called Strike
Tony Martínez steals 2nd base
0-1: Ball
Error on foul ball, E9
1-2: Strikes out swinging
Batting: RHB Eun-bum Kim 0-0: Ball
1-0: Foul Ball, location: 2F
1-1: Ball
2-1: Called Strike
2-2: Strikes out swinging
Top of the 7th over - 0 runs, 0 hits, 2 errors, 1 left on base; Springfield 6 - Minnesota 2
BOTTOM OF THE 7TH
Minnesota Loons batting - Pitching for Springfield Shooters : LHP Marcos Tejedor
Batting: LHB Sergio Cruz 0-0: SINGLE (Flyball, 8RS)
Batting: RHB Joe Ferguson 0-0: SINGLE (Groundball, 56D)
Sergio Cruz to second
Batting: SHB Raúl Mateo 0-0: Swinging Strike
0-1: Fielders Choice at 2nd, 5-4 (Groundball, 56)
Sergio Cruz to third
Batting: RHB Héctor Espiga 0-0: Grounds into double play, 5-4-3 (Groundball, 56)
Bottom of the 7th over - 0 runs, 2 hits, 0 errors, 1 left on base; Springfield 6 - Minnesota 2
TOP OF THE 8TH
Springfield Shooters batting - Pitching for Minnesota Loons : RHP Martyn Drdio
Batting: LHB Henk van Aardschot 0-0: Called Strike
0-1: Swinging Strike
0-2: Ball
1-2: Foul Ball, location: 2F
1-2: Strikes out swinging
Batting: RHB Blaze Alexander 0-0: Ball
1-0: Foul Ball, location: 2F
1-1: SINGLE (Groundball, 34D)
Batting: RHB Bastiaan Pieterse 0-0: Ball
1-0: Called Strike
1-1: Foul Ball, location: 2F
1-2: Strikes out looking
Batting: RHB Moriz Ayushiev 0-0: Ball
1-0: Foul Ball, location: 2F
1-1: SINGLE (Line Drive, 3)
Blaze Alexander to second
Runner from 2nd tries for 3rd, SAFE, no throw
Batting: RHB Fletcher Megarity 0-0: Called Strike
0-1: Ball
1-1: SINGLE (Line Drive, 7S)
Blaze Alexander scores
Moriz Ayushiev to second
Batting: RHB Sébastien Bernard 0-0: Ball
1-0: Ball
2-0: Called Strike
2-1: Foul Ball, location: 2F
2-2: SINGLE (Groundball, 6D)
Moriz Ayushiev to third
Fletcher Megarity to second
Runner from 3rd tries for Home, SAFE, no throw
Batting: RHB Tony Martínez 0-0: Foul Ball, location: 2F
0-1: Ball
1-1: Foul Ball, location: 2F
1-2: Fielders Choice at 2nd, 6-4 (Groundball, 6)
Top of the 8th over - 2 runs, 4 hits, 0 errors, 2 left on base; Springfield 8 - Minnesota 2
BOTTOM OF THE 8TH
Minnesota Loons batting - Pitching for Springfield Shooters : LHP Marcos Tejedor
Now in RF: Lev Migranov
Batting: RHB Ramón Yniguez 0-0: Called Strike
0-1: Called Strike
0-2: Ball
1-2: Foul Ball, location: 2F
1-2: Ground out 6-3 (Groundball, 6D)
Pitching: RHP Rex Negrete
Batting: RHB Júlio Vargas 0-0: Ground out 5-3 (Groundball, 56)
Batting: RHB Augusto Manuel 0-0: Ball
1-0: Called Strike
1-1: Foul Ball, location: 2F
1-2: Ball
2-2: Ball
3-2: Strikes out looking
Bottom of the 8th over - 0 runs, 0 hits, 0 errors, 0 left on base; Springfield 8 - Minnesota 2
TOP OF THE 9TH
Springfield Shooters batting - Pitching for Minnesota Loons : RHP Martyn Drdio
Batting: LHB Ángelo Corona 0-0: Ball
1-0: Foul Ball, location: 2F
1-1: Ground out 4-3 (Groundball, 4)
Pitching: RHP Ronald Beedy
Batting: RHB Eun-bum Kim 0-0: Ball
1-0: Ball
2-0: Foul Ball, location: 2F
2-1: Foul Ball, location: 2F
2-2: Ball
3-2: SINGLE (Groundball, 25) (infield hit)
Batting: LHB Henk van Aardschot 0-0: Called Strike
0-1: Ball
1-1: Called Strike
1-2: Ground out 3-1 (Groundball, 34S)
Eun-bum Kim to second
Batting: RHB Blaze Alexander 0-0: Foul Ball, location: 2F
0-1: Foul Ball, location: 2F
0-2: Strikes out swinging
Top of the 9th over - 0 runs, 1 hit, 0 errors, 1 left on base; Springfield 8 - Minnesota 2
BOTTOM OF THE 9TH
Minnesota Loons batting - Pitching for Springfield Shooters : RHP Rex Negrete
Now at C: Pacu Martic
Batting: LHB Xuan-ling Chen 0-0: Ball
1-0: Ball
2-0: Ball
3-0: Base on Balls
Batting: RHB Dave Sosa 0-0: Foul Ball, location: 2F
0-1: Called Strike
0-2: Fly out, F9 (Flyball, 89M)
Batting: LHB Sergio Cruz 0-0: Ball
1-0: Foul Ball, location: 2F
1-1: Ball
2-1: Ball
3-1: Foul Ball, location: 2F
3-2: Foul Ball, location: 2F
3-2: Foul Ball, location: 2F
3-2: Fly out, F8 (Flyball, 8RXD)
Batting: RHB Joe Ferguson 0-0: Fly out, F8 (Line Drive, 8LS)
Bottom of the 9th over - 0 runs, 0 hits, 0 errors, 1 left on base; Springfield 8 - Minnesota 2
Saturday, December 22nd, 2018 - OOTP Baseball 18.8 Build 76